 Dungeon Sprint DCSS version 0.17-a0-1575-g9a29ec8 (webtiles) character file.

54 nuthulu the Fighter (level 7, -3/71 HPs)
             Began as a Minotaur Berserker on July 26, 2015.
             Was a High Priest of Trog.
             Slain by a hell hound (10 damage)
             ... in the Dungeon (Sprint VI: "Thunderdome").
             The game lasted 00:02:28 (452 turns).

nuthulu the Fighter (Minotaur Berserker)             Turns: 452, Time: 00:02:28

Health: -3/71      AC:  3    Str: 26    XL:     7   Next: 6%
Magic:  6/6        EV: 16    Int:  6    God:    Trog [*****.]
Gold:   22         SH:  0    Dex: 11    Spells: 0 memorised, 6 levels left

rFire  . . .     SeeInvis .     a - +0 hand axe
rCold  + . .     Clarity  .     b - +0 animal skin
rNeg   . . .     SustAt   .     (no shield)
rPois  +         Gourm    .     (helmet restricted)
rElec  .         Spirit   .     (no cloak)
rCorr  .         Warding  .     (no gloves)
rMut   .         NoTele   +     (no boots)
MR     .....                    (no amulet)
Stlth  +.........               q - ring of Xeuplen {*Corrode +Fly rPois rC+ Int+2}
                                o - ring of the Saviour {AC+1 Str+4}

@: not resistant to hostile enchantments, very unstealthy
A: retaliatory headbutt, horns 2
a: Burn Spellbooks, Berserk, Trog's Hand, Brothers in Arms, Renounce Religion,
Evoke Flight


You were in the Dungeon.
You worshipped Trog.
Trog was extremely pleased with you.
You were not hungry.

You visited 1 branch You collected 280 gold pieces.
You spent 258 gold pieces at shops.

Inventory:

Hand weapons
 a - a +0 hand axe (weapon)
Armour
 b - a +0 animal skin (worn)
Jewellery
 o - the ring of the Saviour (left hand) {AC+1 Str+4}
   (You bought it in a shop in the Dungeon)

   [ring of protection]

   It affects your AC (+1).
   It affects your strength (+4).
 q - the ring of Xeuplen (right hand) {*Corrode +Fly rPois rC+ Int+2}
   (You bought it in a shop in the Dungeon)

   [ring of protection from cold]

   It affects your intelligence (+2).
   It protects you from cold.
   It protects you from poison.
   It lets you fly.
   It may corrode your equipment when you take damage.
Magical devices
 j - a wand of cold (4)
 k - a wand of fire (2)
Scrolls
 i - 4 scrolls of blinking
 l - 3 scrolls of fog
Potions
 d - a potion of curing
 e - 3 potions of heal wounds
 f - 4 potions of haste
 g - 2 potions of magic
 h - a potion of berserk rage
 m - a potion of resistance
 n - 6 potions of might
Comestibles
 c - a bread ration
 p - 8 chunks of flesh


   Skills:
 + Level 9.8 Fighting
 + Level 9.7 Axes
 + Level 9.5 Armour
 + Level 8.6 Dodging


You had 6 spell levels left.
You didn't know any spells.

Dungeon Overview and Level Annotations

Branches:
Dungeon (1/1)

Altars:
Cheibriados
Dithmenos
Fedhas
Gozag
Kikubaaqudgha
Makhleb
Okawaru
Qazlal
Ru
Sif Muna
Trog
Vehumet
Xom
Yredelemnul
Zin
The Shining One
Jiyva
Lugonu

Shops:
D *[%??*?*:[((!!!!


Innate Abilities, Weirdness & Mutations

You reflexively headbutt those who attack you in melee.
You have a pair of horns on your head.


Message History

You headbutt the hell hound. You hit the hell hound.
Your headbutt misses the hell hound.
The hell hound is lightly wounded.
The hell hound bites you.
You barely miss the hell hound.
The hell hound is lightly wounded.
The hell hound pauses to sniff the ground.
The hell hound breathes flames at you. The blast of flame hits you!
* * * LOW HITPOINT WARNING * * *
You slash the hell hound!
The hell hound is heavily wounded.
The hell hound bites you!
* * * LOW HITPOINT WARNING * * *
You hit the hell hound but do no damage.
You headbutt the hell hound!
The hell hound is severely wounded. 50...
The hell hound bites you!
You die...

###∩........8.# #.8........∩##
##......÷......###.............
#⌠.......†÷.###...###..........
#⌠....÷.†...# #.<.# #..........
#⌠..........###...###..........
##.............###.............
###∩........8.# #.8........∩##
##∩___......###......___∩##
######.8.h@......8.######
#⌠...........⌠# ###.........###
#_........# #_........#
#_......._# #∩.......∩#
##∩.....∩## ##.....##


You could see a hell hound.

Vanquished Creatures
  3 wolves (D)
  Purgy (D)
  A hound (D)
  7 river rats (D)
  A jackal (D)
  2 quokkas (D)
  A rat (D)
16 creatures vanquished.

Notes
Turn   | Place    | Note
--------------------------------------------------------------
     0 | D        | nuthulu the Minotaur Berserker began the quest for the Orb.
     0 | D        | Reached XP level 1. HP: 19/19 MP: 0/0
     1 | D        | Found a burning altar of Makhleb.
     2 | D        | Found a radiant altar of Vehumet.
     3 | D        | Found a bloodstained altar of Trog.
     4 | D        | Found Loikuim's Do-It-Yourself Clinic.
     4 | D        | Found a glowing silver altar of Zin.
     4 | D        | Found a blossoming altar of Fedhas.
     4 | D        | Found Nohoif's Distillery.
     5 | D        | Found Eroboami's Bottled Wisdom.
     5 | D        | Found Gacaum's Distillery.
     5 | D        | Round 1.
    12 | D        | Bought 6 potions of might for 168 gold pieces
    15 | D        | Found a viscous altar of Jiyva.
    18 | D        | Found an iron altar of Okawaru.
    19 | D        | Found a deep blue altar of Sif Muna.
    19 | D        | Found a stormy altar of Qazlal.
    19 | D        | Found Taror's Staff Store.
    19 | D        | Found Xuomeur's Magic Scroll Shop.
    20 | D        | Found Nyir's Must-Have Magic.
    20 | D        | Found Kisietrock's Magic Scroll Shop.
    26 | D        | Found a basalt altar of Yredelemnul.
    30 | D        | Found an opulent altar of Gozag.
    30 | D        | Found Tifaly Leur's Bee Food.
    31 | D        | Found Ycuot's Jewellery.
    31 | D        | Found Waosenadgh's Advanced Armour.
    32 | D        | Found a shimmering altar of Xom.
    32 | D        | Found a corrupted altar of Lugonu.
    32 | D        | Found a shadowy altar of Dithmenos.
    32 | D        | Found Kiteb's Identification Station.
    39 | D        | Reached skill level 4 in Fighting
    39 | D        | Reached XP level 2. HP: 14/28 MP: 1/1
    44 | D        | Acquired Trog's second power
    65 | D        | Found a glowing golden altar of the Shining One.
    66 | D        | Found a snail-covered altar of Cheibriados.
    80 | D        | Reached skill level 5 in Fighting
    80 | D        | Reached skill level 5 in Axes
   146 | D        | Noticed Purgy
   146 | D        | Found an ancient bone altar of Kikubaaqudgha.
   146 | D        | Found a sacrificial altar of Ru.
   150 | D        | Killed Purgy
   150 | D        | Reached skill level 6 in Fighting
   150 | D        | Reached skill level 5 in Dodging
   150 | D        | Reached XP level 3. HP: 35/38 MP: 2/2
   150 | D        | Reached XP level 4. HP: 41/45 MP: 3/3
   151 | D        | Found Mijel's Premium Goods.
   151 | D        | Found Lydodeoh's Weapon Rack.
   152 | D        | Found Zeptakh's Miscellaneous Merchandise.
   152 | D        | Found Faedisil's Basic Armour.
   178 | D        | Arena points: 12 (+12) [x2]
   197 | D        | Bought a scorched brass ring for 45 gold pieces
   197 | D        | Identified the ring of the Saviour {AC+1 Str+4} (You bought it in a shop in the Dungeon)
   208 | D        | Round 2.
   242 | D        | Reached skill level 7 in Fighting
   242 | D        | Reached XP level 5. HP: 38/52 MP: 4/4
   268 | D        | Acquired Trog's third power
   314 | D        | Arena points: 54 (+42) [x3]
   323 | D        | Bought a coiled jade ring for 45 gold pieces
   323 | D        | Identified the ring of Xeuplen {*Corrode +Fly rPois rC+ Int+2} (You bought it in a shop in the Dungeon)
   347 | D        | Round 3.
   368 | D        | Noticed a wolf
   375 | D        | Killed a wolf
   375 | D        | Reached skill level 8 in Fighting
   375 | D        | Reached XP level 6. HP: 51/62 MP: 5/5
   421 | D        | Noticed a wolf
   424 | D        | Noticed a wolf
   427 | D        | Killed a wolf
   427 | D        | Reached skill level 9 in Fighting
   438 | D        | Killed a wolf
   438 | D        | Reached XP level 7. HP: 34/71 MP: 6/6
   444 | D        | Noticed a hell hound
   452 | D        | Slain by a hell hound

Vault maps used:
D:        arena_sprint

Action                   |  1- 3 |  4- 6 |  7- 9 || total
-------------------------+-------+-------+-------++-------
Melee: Hand axe          |    17 |    30 |     5 ||    52
Evoke: Wand              |     3 |     1 |       ||     4
  Use: Potion            |     1 |       |       ||     1
